 Dungeon Crawl Stone Soup version 0.27.0-66-gdc8fb28755 (webtiles) character file.

Game seed: 18354097881030704649

20908 ABBCCCDDDD the Blocker (level 12, 0/97 HPs)
             Began as a Gnoll Fighter on Aug 19, 2021.
             Was the Champion of Elyvilon.
             Slain by an orc knight (19 damage)
             ... on level 2 of the Orcish Mines.
             The game lasted 00:38:43 (15750 turns).

ABBCCCDDDD the Blocker (Gnoll Fighter)             Turns: 15750, Time: 00:38:44

Health: 0/97       AC: 18    Str: 16    XL:     12   Next: 84%
Magic:  0/23       EV: 12    Int: 12    God:    Elyvilon [******]
Gold:   800        SH: 11    Dex: 12    Spells: 26/26 levels left

rFire    . . .     SeeInvis .   a - +9 scimitar of Qicvaad {vorpal, +Rage rN+}
rCold    . . .     Faith    .   c - +0 kite shield
rNeg     + + .     Spirit   +   O - +5 ring mail of the Wasteland {Rampage}
rPois    .         Reflect  .   s - +0 helmet
rElec    .         Harm     .   N - +0 cloak
rCorr    .         Rampage  +   W - +0 pair of gloves
Will     +....                  H - +0 pair of boots "Soaqeeff" {Will+ Regen+}
Stlth    +++.......             G - amulet of guardian spirit
HPRegen  1.26/turn              f - ring of positive energy
MPRegen  0.18/turn              (no ring)

@: on berserk cooldown, slowed, very slow
A: fangs 1, strong nose, distributed training
a: Renounce Religion, Evoke Berserk Rage, Lesser Healing, Heal Other,
Purification, Greater Healing, Divine Vigour, Divine Protection


You were on level 2 of the Orcish Mines.
You worshipped Elyvilon.
Elyvilon was exalted by your worship.
You visited 4 branches of the dungeon, and saw 18 of its levels.

You collected 3164 gold pieces.
You spent 2364 gold pieces at shops.

Inventory:

Hand Weapons
 a - the +9 scimitar of Qicvaad (weapon) {vorpal, +Rage rN+}
   (You bought it in a shop on level 10 of the Dungeon)

   It inflicts extra damage upon your enemies.
   rN:        It protects you from negative energy.
   +Rage:     It lets you go berserk.
 g - a +2 whip of electrocution
 j - a +0 broad axe
 I - a +0 morningstar
 J - the +6 arbalest "Damnation" {damnation}
   (You found it on level 7 of the Dungeon)

   Any ammunition fired from it explodes in a burst of damnation on striking a
   foe, dealing damage which bypasses armour.
   Elyvilon disapproves of the use of such an item.
 Z - a +1 whip of flaming
Missiles
 b - 110 bolts
 y - 3 throwing nets
 C - 2 curare-tipped darts
 Y - 11 poisoned darts (quivered)
Armour
 c - a +0 kite shield (worn)
 s - a +0 helmet (worn)
 H - the +0 pair of boots "Soaqeeff" (worn) {Will+ Regen+}
   (You bought it in a shop on level 4 of the Dungeon)

   Regen:     It increases your rate of health regeneration.
   Will:      It increases your willpower.
 N - a +0 cloak (worn)
 O - the +5 ring mail of the Wasteland (worn) {Rampage}
   (You found it on level 8 of the Dungeon)

   Rampage:   It bestows one free step when moving towards enemies.
 S - +0 acid dragon scales
 V - a +0 plate armour of poison resistance
 W - a +0 pair of gloves (worn)
Jewellery
 f - a ring of positive energy (left hand)
 G - an amulet of guardian spirit (around neck)
 U - a ring of poison resistance
Wands
 x - a wand of charming (6)
 z - a wand of digging (6)
 R - a wand of polymorph (6)
 T - a wand of mindburst (17)
Scrolls
 h - 2 scrolls of amnesia
 m - a scroll of teleportation
 n - 2 scrolls of immolation
 o - 5 scrolls of enchant armour
 p - 2 scrolls of fog
 q - a scroll of silence
 r - 2 scrolls of blinking
 w - a scroll of fear
 A - 2 scrolls of holy word {unknown}
 D - a scroll of summoning {unknown}
 F - 2 scrolls of vulnerability {unknown}
 K - a scroll of magic mapping {unknown}
 P - a scroll of enchant weapon {unknown}
Potions
 d - 3 potions of might
 e - 2 potions of ambrosia
 i - 3 potions of flight
 k - 4 potions of attraction
 l - 2 potions of invisibility
 t - a potion of mutation
 u - 2 potions of berserk rage
 v - 2 potions of brilliance
 B - 2 potions of haste {unknown}
 E - 9 potions of curing {unknown}
 L - a potion of resistance {unknown}
 M - 2 potions of degeneration {unknown}
Miscellaneous
 Q - a condenser vane
 X - a box of beasts (inert)


   Skills:
 + Level 10.1 Fighting
 + Level 7.6 Short Blades
 + Level 7.6 Long Blades
 + Level 9.0 Axes
 + Level 7.6 Maces & Flails
 + Level 7.6 Polearms
 + Level 7.6 Staves
 + Level 7.6 Slings
 + Level 7.6 Bows
 + Level 7.6 Crossbows
 + Level 7.6 Throwing
 + Level 10.1 Armour
 + Level 7.6 Dodging
 + Level 7.6 Stealth
 + Level 10.1 Shields
 + Level 7.6 Unarmed Combat
 + Level 7.6 Spellcasting
 + Level 6.3 Conjurations
 + Level 6.3 Hexes
 + Level 6.3 Summonings
 + Level 6.3 Necromancy
 + Level 6.3 Translocations
 + Level 6.3 Transmutations
 + Level 6.3 Fire Magic
 + Level 6.3 Ice Magic
 + Level 6.3 Air Magic
 + Level 6.3 Earth Magic
 + Level 6.3 Poison Magic
 + Level 8.4 Invocations
 + Level 7.6 Evocations


You had 26 spell levels left.
You didn't know any spells.
Your spell library contained the following spells:

 Spells                   Type           Power      Damage    Failure   Level
 Beastly Appendage        Tmut           38%        N/A       3%          1
 Freeze                   Ice            76%        1d9       3%          1
 Wereblood                Tmut           19%        N/A       5%          2
 Frozen Ramparts          Ice            38%        1d5       11%         3
 Inner Flame              Hex/Fire       19%        N/A       11%         3
 Spider Form              Tmut/Pois      9%         N/A       11%         3
 Cause Fear               Hex            9%         N/A       34%         4
 Hailstorm                Conj/Ice       19%        3d6       34%         4
 Fireball                 Conj/Fire      9%         3d6       67%         5
 Iskenderun's Battlesphe  Conj           19%        2d7       67%         5
 Conjure Ball Lightning   Conj/Air       9%         3x3d6     99%         6
 Orb of Destruction       Conj           9%         9d4       100%        7
 Discord                  Hex            9%         N/A       100%        8


Dungeon Overview and Level Annotations

Branches:
Dungeon (14/15)            Temple (1/1) D:4            Lair (1/6) D:10
    Orc (2/2) D:10            Elf (0/3) Orc:2
 Vaults: D:13-14

Altars:
Ashenzari
Cheibriados
Dithmenos
Elyvilon
Fedhas
Gozag
Hepliaklqana
Kikubaaqudgha
Makhleb
Nemelex Xobeh
Okawaru
Qazlal
Ru
Sif Muna
Trog
Uskayaw
Vehumet
Wu Jian
Xom
Yredelemnul
Zin
The Shining One

Shops:
D:4 [::?   D:7 *   D:10 ([   Orc:2 (

Portals:
Abyss: Orc:1

Annotations:
D:3 2 transporters, MeepMiepMiep's ghost, weakling DgIE
D:10 exclusion: downstairs
Orc:1 2 transporters, windycow's ghost, journeyman GnWn


Innate Abilities, Weirdness & Mutations

You have very sharp teeth.
Your uncanny sense of smell can sniff out nearby items.
Your experience applies equally to all skills.


Message History

The orc knight hits you with a +1 vorpal great sword!
You slash the orc knight!
The orc knight is severely wounded.
The orc wizard hits you but does no damage.
You block the orc knight's attack.
You hit the orc knight. You bite the orc knight.
The orc knight is severely wounded.
The orc wizard hits you with a +0 dagger.
The orc knight hits you with a +1 vorpal great sword!!
You closely miss the orc knight.
The orc knight is severely wounded.
You hit the orc knight but do no damage.
The orc knight is severely wounded.
You are no longer berserk.
You are exhausted.
You feel yourself slow down. The orc wizard barely misses you.
You riposte.
You slash the orc wizard!
The orc wizard is almost dead.
The orc knight closely misses you.
You riposte.
You hit the orc knight but do no damage.
The orc knight is severely wounded.
You slice the orc wizard!!
You kill the orc wizard!
You block the orc knight's attack.
The orc knight hits you with a +1 vorpal great sword!
You are too injured to fight recklessly!
Items here: ))) [ †.
You slash the orc knight!
The orc knight is almost dead.
You block the orc knight's attack. The orc knight barely misses you.
You hit the orc knight but do no damage.
The orc knight is almost dead.
The orc knight hits you with a +1 vorpal great sword! x2
* * * LOW HITPOINT WARNING * * *
x2 You hit the orc knight.
The orc knight is almost dead.
The orc knight hits you with a +1 vorpal great sword!
* * * LOW HITPOINT WARNING * * *
x2 The orc knight hits you with a +1 vorpal great sword!!
You die...

..#.#.........................#
..###...........###...........##
..##.#..........# ##...........##
.#.###........)######.........#.#
....#..........#..####......#####
....##.........#...#.........#
.#.##.............#.........##
.................).........####
...............<@o)....))#.##.##
...............).))....#.......#
........#.####.........###..#.###
.......#####...........# #......#
....#.## #...........#####......
...#### #...........###.#o..#.#
#...# ##.##.#....###......##.
##.## #######..####......... ###
#### #...#.#o...


You could see an orc knight.

Levels and vault maps discovered:
D:1:      dpeg_arrival_simpleton_b, layout_rooms, serial_glass, glass_columns_a,
          glass_columns_a, glass_columns_a, glass_columns_b,
          shapermc_ecumenical_altar_ellora
D:2:      layout_rooms
D:3:      layout_rooms, gammafunk_ghost_mausoleum, minmay_bisected
D:4:      minmay_door_path, layout_layer_cave, gammafunk_temple_overflow_statue,
          minmay_temple_entry_enclosed_plants, serial_shops, shop, shop,
          nicolae_shop_statue_plus, nicolae_diamond_shop
D:5:      layout_rooms, chequers_serial_rivers_micro_a, lexackson_kobold_supper
D:6:      layout_gridville, uniq_sigmund
D:7:      layout_cave_pods, old_standard_altar, grunt_temple_overflow_open,
          serial_shops, shop
D:8:      hangedman_cross_stitches, layout_layer_cave,
          mainiacjoe_overflow_boulevard
D:9:      layout_cave_pools
D:10:     layout_basic, mainiacjoe_overflow_concentric_impassable,
          erik_lair_island, orc_david_3, kennysheep_generic_room_15
D:11:     layout_big_octagon
D:12:     layout_grid_maze, serial_shops, nicolae_shop_behind_doors
D:13:     minmay_five_octagons, layout_basic
D:14:     layout_small_grid, skrybe_vaults_entry_preservation,
          minmay_misc_feat_cross
Temple:   minmay_freezing_vapour_temple
Lair:1:   layout_cave_shapes, gauntlet_entry_generic, uniq_harold
Orc:1:    layout_caves, gammafunk_ghost_abyssal_escape
Orc:2:    st_orc_rangers, layout_diamond_mine, serial_shops, shop,
          hangedman_minor_magic, uniq_josephine, uniq_snorg

Notes
Turn   | Place    | Note
-------+----------+-------------------------------------------
     0 | D:1      | ABBCCCDDDD the Gnoll Fighter began the quest for the Orb.
     0 | D:1      | Reached XP level 1. HP: 23/23 MP: 1/1
   269 | D:1      | Reached XP level 2. HP: 29/29 MP: 2/2
   383 | D:1      | Found a faded altar of an unknown god.
   670 | D:2      | Reached XP level 3. HP: 34/35 MP: 3/3
   832 | D:2      | Reached skill level 1 in Invocations
   888 | D:2      | Reached skill level 1 in Short Blades
   888 | D:2      | Reached skill level 1 in Long Blades
   888 | D:2      | Reached skill level 1 in Maces & Flails
   888 | D:2      | Reached skill level 1 in Polearms
   888 | D:2      | Reached skill level 1 in Staves
   888 | D:2      | Reached skill level 1 in Slings
   888 | D:2      | Reached skill level 1 in Bows
   888 | D:2      | Reached skill level 1 in Crossbows
   888 | D:2      | Reached skill level 1 in Throwing
   888 | D:2      | Reached skill level 1 in Dodging
   888 | D:2      | Reached skill level 1 in Stealth
   888 | D:2      | Reached skill level 1 in Unarmed Combat
   888 | D:2      | Reached skill level 1 in Spellcasting
   888 | D:2      | Reached skill level 1 in Evocations
  1062 | D:2      | Reached XP level 4. HP: 41/41 MP: 5/5
  1283 | D:3      | Found a transporter.
  1283 | D:3      | Noticed MeepMiepMiep's ghost (weakling DgIE)
  1379 | D:3      | Reached skill level 1 in Conjurations
  1379 | D:3      | Reached skill level 1 in Hexes
  1379 | D:3      | Reached skill level 1 in Summonings
  1379 | D:3      | Reached skill level 1 in Necromancy
  1379 | D:3      | Reached skill level 1 in Translocations
  1379 | D:3      | Reached skill level 1 in Transmutations
  1379 | D:3      | Reached skill level 1 in Fire Magic
  1379 | D:3      | Reached skill level 1 in Ice Magic
  1379 | D:3      | Reached skill level 1 in Air Magic
  1379 | D:3      | Reached skill level 1 in Earth Magic
  1379 | D:3      | Reached skill level 1 in Poison Magic
  1848 | D:3      | Found a transporter.
  1955 | D:3      | Reached XP level 5. HP: 47/47 MP: 6/6
  2244 | D:4      | Found Liucul's Book Boutique.
  2312 | D:4      | Found Necuoq's Magic Scroll Shoppe.
  2328 | D:4      | Bought a scroll of identify for 24 gold pieces
  2328 | D:4      | Bought a scroll of blinking for 90 gold pieces
  2328 | D:4      | Bought a scroll of identify for 24 gold pieces
  2349 | D:4      | Noticed an ogre
  2597 | D:4      | Noticed a water moccasin
  2610 | D:4      | Killed a water moccasin
  2611 | D:4      | Reached skill level 5 in Axes
  2611 | D:4      | Reached XP level 6. HP: 35/53 MP: 8/8
  2899 | D:4      | Found Xuiseb's Antique Armour Shoppe.
  3122 | D:4      | Found Gitatail's Book Shoppe.
  3712 | D:4      | Found a sacrificial altar of Ru.
  3712 | D:4      | Found a radiant altar of Vehumet.
  3811 | D:4      | Found a staircase to the Ecumenical Temple.
  3817 | Temple   | Entered the Ecumenical Temple
  3830 | Temple   | Became a worshipper of Elyvilon the Healer
  3963 | D:5      | Entered Level 5 of the Dungeon
  3970 | D:4      | Reached XP level 7. HP: 58/59 MP: 10/10
  4833 | D:5      | Reached * piety under Elyvilon
  5115 | D:6      | Reached XP level 8. HP: 47/67 MP: 12/12
  5458 | D:6      | Noticed Sigmund
  5471 | D:6      | Killed Sigmund
  5886 | D:4      | Bought a pair of smouldering boots for 190 gold pieces
  5886 | D:4      | Identified the +0 pair of boots "Soaqeeff" {Will+ Regen+}
                  | (You bought it in a shop on level 4 of the Dungeon)
  6155 | D:7      | Found a glowing silver altar of Zin.
  6395 | D:7      | Reached ** piety under Elyvilon
  6476 | D:7      | Reached XP level 9. HP: 67/72 MP: 14/14
  6568 | D:7      | Found an ancient bone altar of Kikubaaqudgha.
  6568 | D:7      | Found a broken altar of Ashenzari.
  6818 | D:7      | Found the +6 arbalest "Damnation" {damnation}
  7210 | D:7      | Found Raggexac's General Store.
  7418 | D:8      | Identified the +5 ring mail of the Wasteland {Rampage}
  7514 | D:8      | Reached *** piety under Elyvilon
  7515 | D:8      | Found a stormy altar of Qazlal.
  7533 | D:8      | Noticed a tengu conjurer
  8060 | D:8      | Killed a tengu conjurer
  8136 | D:8      | Reached skill level 5 in Invocations
  8486 | D:8      | Reached **** piety under Elyvilon
  8548 | D:8      | Reached XP level 10. HP: 70/80 MP: 12/17
  8970 | D:9      | Noticed a two-headed ogre
  9085 | D:9      | Noticed a two-headed ogre
  9314 | D:9      | Reached skill level 5 in Short Blades
  9314 | D:9      | Reached skill level 5 in Long Blades
  9314 | D:9      | Reached skill level 5 in Maces & Flails
  9314 | D:9      | Reached skill level 5 in Polearms
  9314 | D:9      | Reached skill level 5 in Staves
  9314 | D:9      | Reached skill level 5 in Slings
  9314 | D:9      | Reached skill level 5 in Bows
  9314 | D:9      | Reached skill level 5 in Crossbows
  9314 | D:9      | Reached skill level 5 in Throwing
  9314 | D:9      | Reached skill level 5 in Dodging
  9314 | D:9      | Reached skill level 5 in Stealth
  9314 | D:9      | Reached skill level 5 in Unarmed Combat
  9314 | D:9      | Reached skill level 5 in Spellcasting
  9314 | D:9      | Reached skill level 5 in Evocations
  9398 | D:9      | Killed a two-headed ogre
  9589 | D:9      | Killed a two-headed ogre
 10104 | D:10     | Entered Level 10 of the Dungeon
 10388 | D:10     | Reached XP level 11. HP: 73/87 MP: 12/19
 10443 | D:10     | Found Ecsiwkabb's Armour Shoppe.
 10443 | D:10     | Found a staircase to the Orcish Mines.
 10453 | D:10     | Found Ekloa's Weapon Shoppe.
 10482 | D:10     | Found a bloodstained altar of Trog.
 10606 | D:10     | Found a staircase to the Lair.
 10644 | D:10     | Reached ***** piety under Elyvilon
 10644 | D:10     | You fall into a shaft and drop 1 floor!
 10645 | D:11     | Noticed a cyan ugly thing
 10651 | D:11     | Noticed a two-headed ogre
 10653 | D:11     | Noticed a four-headed hydra
 10666 | D:11     | Noticed a two-headed ogre
 10892 | D:10     | Reached skill level 5 in Conjurations
 10892 | D:10     | Reached skill level 5 in Hexes
 10892 | D:10     | Reached skill level 5 in Summonings
 10892 | D:10     | Reached skill level 5 in Necromancy
 10892 | D:10     | Reached skill level 5 in Translocations
 10892 | D:10     | Reached skill level 5 in Transmutations
 10892 | D:10     | Reached skill level 5 in Fire Magic
 10892 | D:10     | Reached skill level 5 in Ice Magic
 10892 | D:10     | Reached skill level 5 in Air Magic
 10892 | D:10     | Reached skill level 5 in Earth Magic
 10892 | D:10     | Reached skill level 5 in Poison Magic
 11224 | Lair:1   | Entered Level 1 of the Lair of Beasts
 11225 | Lair:1   | Noticed an eight-headed hydra
 11247 | Orc:1    | Entered Level 1 of the Orcish Mines
 11384 | Orc:1    | Found a transporter.
 11384 | Orc:1    | Noticed a red ugly thing
 11418 | Orc:1    | Noticed a cyclops
 11442 | Orc:1    | Killed a cyclops
 11543 | Orc:1    | Noticed an orc warlord
 11746 | D:11     | Killed a four-headed hydra
 11787 | D:11     | Identified the +1 robe "Ciocat" {Int+2}
 11830 | D:11     | Identified the +4 whip of Premature Burial {drain, Dex+8}
 11911 | D:11     | Killed a two-headed ogre
 12214 | D:11     | Killed a two-headed ogre
 12481 | D:12     | Noticed a brown ugly thing
 12521 | D:12     | Noticed a manticore
 12726 | D:12     | Noticed a cyclops
 12789 | D:13     | Reached XP level 12. HP: 96/96 MP: 22/22
 12870 | D:13     | Noticed a centaur warrior
 13214 | D:10     | Killed an orc warlord
 13423 | Orc:1    | Found a transporter.
 13566 | Orc:1    | Noticed a soul eater
 13571 | Orc:1    | Noticed windycow's ghost (journeyman GnWn)
 13578 | Orc:1    | Noticed a great orb of eyes
 13579 | Orc:1    | Found a one-way gate to the infinite horrors of the Abyss.
 13590 | Orc:1    | Reached ****** piety under Elyvilon
 13612 | Orc:1    | Noticed a red very ugly thing
 13612 | Orc:1    | Noticed an orc warlord
 13911 | Orc:1    | Noticed a thrashing horror
 13931 | Orc:1    | Noticed an orc high priest
 13932 | Orc:1    | Noticed a soul eater
 13974 | Orc:1    | Killed an orc high priest
 14529 | D:4      | Bought a scroll of acquirement for 624 gold pieces
 14532 | D:4      | Acquired 1051 gold pieces
 14534 | D:4      | Bought a scroll of acquirement for 624 gold pieces
 14534 | D:4      | Acquired 869 gold pieces
 14714 | D:10     | Bought the +9 scimitar of Qicvaad {vorpal, +Rage rN+} for
                  | 788 gold pieces
 14740 | Orc:2    | Entered Level 2 of the Orcish Mines
 14742 | Orc:2    | Noticed Josephine
 15043 | Orc:2    | Killed Josephine
 15119 | Orc:2    | Found a staircase to the Elven Halls.
 15225 | Orc:2    | Noticed Snorg
 15229 | Orc:2    | Found Dyuble's Antique Weapon Emporium.
 15361 | Orc:2    | Killed Snorg
 15362 | Orc:2    | Reached skill level 10 in Fighting
 15362 | Orc:2    | Reached skill level 10 in Armour
 15362 | Orc:2    | Reached skill level 10 in Shields
 15750 | Orc:2    | Slain by an orc knight

Table legend: (Time is in decaauts)
 A = Elapsed time spent in this place.
 B = Non-inter-level travel time spent in this place.
 C = Inter-level travel time spent in this place.
 D = Time resting spent in this place.
 E = Time spent auto-exploring this place.
 F = Levels seen in this place.
 G = Mean time per level.
                   A        B        C        D        E       F      G
               +--------+--------+--------+--------+--------+-----+--------+
         Total |  15860 |  14324 |   1536 |   3256 |   6329 |  18 |  881.1 |
       Dungeon |  13732 |  12240 |   1492 |   2629 |   5636 |  14 |  980.9 |
        Temple |     18 |     14 |      4 |      0 |      0 |   1 |   18.0 |
          Lair |      3 |      3 |      0 |      0 |      0 |   1 |    3.0 |
  Orcish Mines |   2105 |   2065 |     40 |    627 |    693 |   2 | 1052.5 |
               +--------+--------+--------+--------+--------+-----+--------+

Top non-repeatable levels by time:
     D:4: 2310 daAuts
    D:10: 1967 daAuts
     D:8: 1658 daAuts
     D:7: 1483 daAuts
   Orc:1: 1367 daAuts
     D:9: 1103 daAuts
     D:3: 1003 daAuts
     D:6: 927 daAuts
     D:2: 782 daAuts
   Orc:2: 737 daAuts
    D:11: 709 daAuts
     D:5: 708 daAuts
     D:1: 530 daAuts
    D:12: 394 daAuts
    D:13: 151 daAuts

Table legend:
 A = Kills in this place as a percentage of kills in entire the game.
 B = Kills by you in this place as a percentage of kills by you in the entire game.
 C = Kills by friends in this place as a percentage of kills by friends in the entire game.
 D = Other kills in this place as a percentage of other kills in the entire game.
 E = Experience gained in this place as a percentage of experience gained in the entire game.
 F = Experience gained in this place divided by the number of levels of this place that you have seen.
                   A       B       C       D       E      F
               +-------+-------+-------+-------+-------+----------------------
         Total | 100.0 | 100.0 | 100.0 | 100.0 | 100.0 | 1659.4
       Dungeon |  79.3 |  79.6 |  66.7 |  50.0 |  69.0 | 1471.1
  Orcish Mines |  20.7 |  20.4 |  33.3 |  50.0 |  31.0 | 4637.0
               +-------+-------+-------+-------+-------+----------------------

Action                   |  1- 3 |  4- 6 |  7- 9 | 10-12 || total
-------------------------+-------+-------+-------+-------++-------
Melee: War axe           |    66 |    86 |       |       ||   152
       Bite              |     5 |     9 |    39 |    99 ||   152
       Whip              |       |    49 |   353 |   633 ||  1035
       Morningstar       |       |       |       |     9 ||     9
       Scimitar          |       |       |       |   118 ||   118
Throw: Dart              |       |       |    36 |    76 ||   112
       Throwing net      |       |       |       |     5 ||     5
 Abil: Evoke Berserk Rag |       |       |       |     3 ||     3
Evoke: Wand              |       |       |       |     3 ||     3
       Box of beasts     |       |       |       |     1 ||     1
  Use: Scroll            |       |     6 |     6 |     6 ||    18
 Stab: Sleeping          |       |     1 |     3 |     3 ||     7
       Held in net/web   |       |       |       |     4 ||     4
Armor: Ring mail         |    29 |    66 |   154 |   293 ||   542
       Scale mail        |     3 |       |       |       ||     3
Dodge: Dodged            |    16 |    55 |   169 |   282 ||   522
Block: Kite shield       |    44 |    83 |   205 |   452 ||   784
       Rpst.: Scimitar   |       |       |       |    24 ||    24

Vanquished Creatures
  Snorg (Orc:2)
  Josephine (Orc:2)
  A hydra (D:11)
  4 two-headed ogres
  An orc high priest (Orc:1)
  2 orc knights
  An orc sorcerer (Orc:1)
  2 cyclopes
  4 centaur zombies
  2 unseen horrors (D:11)
  A komodo dragon (D:12)
  A tengu conjurer (D:8)
  3 trolls (D:10)
  A slime creature (D:8)
  Sigmund (D:6)
  4 wraiths (Orc:1)
  2 shadows
  11 yaks
  2 steam dragons (D:8)
  3 wargs
  An acid dragon (D:9)
  2 water moccasins
  A black bear (D:6)
  A sky beast (D:7)
  2 ogres (D:5)
  5 wolves (D:10)
  26 orc warriors
  8 centaurs
  3 kobold brigands
  A bullfrog (D:7)
  A gnoll sergeant (D:9)
  2 scorpions
  A wyvern skeleton (D:7)
  A wyvern zombie (D:8)
  A water moccasin skeleton (D:4)
  11 killer bees
  5 wights
  An electric eel (D:10)
  3 hounds
  A jelly (D:6)
  11 orc priests
  2 bullfrog skeletons (D:6)
  An iguana (D:6)
  10 orc wizards
  A killer bee zombie (D:6)
  2 howler monkey zombies
  7 gnolls
  2 howler monkey skeletons
  12 adders
  A white imp (D:7)
  An ufetubus (D:5)
  3 worms
  45 orcs
  7 ball pythons
  4 endoplasms
  6 giant cockroaches
  4 goblins
  6 hobgoblins
  2 jackals (D:1)
  3 quokkas (D:2)
  3 bats (D:3)
  3 frilled lizards
  19 kobolds
  5 rats
285 creatures vanquished.

Vanquished Creatures (collateral kills)
  An orc warlord (D:10)
  2 orcs
3 creatures vanquished.

Vanquished Creatures (others)
  An ugly thing (D:11)
  2 orc wizards (Orc:2)
  3 plants (D:5)
6 creatures vanquished.

Grand Total: 294 creatures vanquished
